 Dungeon Crawl Stone Soup version 0.23-a0-32-g1388f29 (webtiles) character file.

56 glosham the Skirmisher (level 4, -1/39 HPs)
             Began as a Formicid Berserker on Aug 4, 2018.
             Was a Follower of Trog.
             Slain by a centaur warrior zombie (6 damage)
             ... on level 15 of the Dungeon.
             The game lasted 00:08:07 (317 turns).

glosham the Skirmisher (Formicid Berserker)          Turns: 317, Time: 00:08:08

Health: -1/39      AC:  5    Str: 22    XL:     4   Next: 15%
Magic:  4/4        EV: 11    Int:  7    God:    Trog [*.....]
Gold:   28         SH:  0    Dex: 10    Spells: 3/3 levels left

rFire    . . .     SeeInvis +   a - +0 broad axe
rCold    + . .     Gourm    .   (no shield)
rNeg     . . .     Faith    .   i - +0 ring mail
rPois    .         Spirit   .   (helmet unavailable)
rElec    .         Reflect  .   (no cloak)
rCorr    .         Harm     .   (no gloves)
MR       .....                  (no boots)
Stlth    ..........             (no amulet)
HPRegen  0.13/turn              g - ring of protection from cold
MPRegen  0.09/turn              h - ring of teleportation (curse)

@: no status effects
A: permanent stasis, dig shafts and tunnels, four strong arms, antennae 3
a: Dig, Shaft Self, Renounce Religion


You were on level 15 of the Dungeon.
You worshipped Trog.
Trog was aware of your devotion.
You were not hungry.

You visited 1 branch of the dungeon, and saw 11 of its levels.

You collected 28 gold pieces.

Inventory:

Hand Weapons
 a - a +0 broad axe (weapon)
 b - a +0 hand axe
Armour
 d - a +0 animal skin
 i - a +0 ring mail (worn)
Jewellery
 g - a ring of protection from cold (left hand)
 h - a cursed ring of teleportation (right hand)
Wands
 e - a wand of iceblast (2)
Comestibles
 c - 3 rations
 f - 2 chunks of flesh


   Skills:
 * Level 5.2 Fighting
 - Level 3.0 Axes
 - Level 2.1 Armour
 - Level 1.7 Dodging


You had 3 spell levels left.
You didn't know any spells.
Your spell library was empty.

Dungeon Overview and Level Annotations

Branches:
Dungeon (14/15)
 Temple: D:4-7         Lair: D:8-11         Orc: D:9-12      Vaults: D:13-14

Altars:


Innate Abilities, Weirdness & Mutations

You cannot be hasted, slowed, berserked, paralysed or teleported.
You can dig through walls and to a lower floor.
Your four strong arms can wield two-handed weapons with a shield.
You have a pair of large antennae on your head. (SInv)


Message History

You hear a shout! x3
Evoke which item? (* to show all) (? for menu, Esc to quit)
Aiming: Iceblast
Press: ? - help, Shift-Dir - straight line, f/p - centaur warrior zombie
Aim: a centaur warrior zombie (lightly damaged)
The mass of ice explodes!
The iceblast engulfs the centaur warrior zombie.
The centaur warrior zombie partially resists.
The centaur warrior zombie is lightly damaged.
You hear a shout!
You slash the centaur warrior zombie!
The centaur warrior zombie is moderately damaged.
The centaur warrior zombie barely misses you.
The centaur warrior zombie hits you.
You hit the centaur warrior zombie.
The centaur warrior zombie is moderately damaged.
The centaur warrior zombie hits you.
The centaur warrior zombie completely misses you.
You hit the centaur warrior zombie.
The centaur warrior zombie is moderately damaged.
The centaur warrior zombie closely misses you.
The centaur warrior zombie hits you but does no damage.
You slash the centaur warrior zombie!
The centaur warrior zombie is heavily damaged.
The centaur warrior zombie hits you. x2
An orc knight comes into view. It is wielding a war axe.
The centaur warrior zombie hits you.
You slice the centaur warrior zombie!!
The centaur warrior zombie is severely damaged.
The centaur warrior zombie hits you. x2
* * * LOW HITPOINT WARNING * * *
You slash the centaur warrior zombie!
The centaur warrior zombie is almost destroyed.
The orc knight roars a battlecry!
The centaur warrior zombie misses you. The centaur warrior zombie hits you.
* * * LOW HITPOINT WARNING * * *
You hit the centaur warrior zombie but do no damage.
The centaur warrior zombie is almost destroyed.
The centaur warrior zombie hits you.
You die...

{ #.# { ##### #.###
....##+# #.<.{ ####.#.#
#.{# # #...# #..# #
#.### #.o# #.# #..# #
#.# #..#########.## #.#
#.oZ@..........
#.#########.##........#
#.........#.#.........#
#########.#.#..########
#.#.#..#
########......#
#####..........#.##
.................#
......############


You could see an orc knight and a centaur warrior zombie.

Vanquished Creatures
  A jelly (D:15)
  A worker ant (D:14)
  A giant cockroach (D:3)
  A quokka (D:4)
4 creatures vanquished.

Notes
Turn   | Place    | Note
-------+----------+-------------------------------------------
     0 | D:1      | glosham the Formicid Berserker began the quest for the Orb.
     0 | D:1      | Reached XP level 1. HP: 18/18 MP: 1/1
     3 | D:1      | You fall through a shaft!
     6 | D:2      | You fall through a shaft!
    24 | D:4      | You fall through a shaft!
    24 | D:5      | Entered Level 5 of the Dungeon
    67 | D:6      | Noticed a bullfrog
    67 | D:6      | Noticed an orc warrior
    67 | D:6      | Noticed an ice beast
    71 | D:6      | You fall through a shaft for 3 floors!
    73 | D:9      | Noticed a centaur
    74 | D:9      | You fall through a shaft for 2 floors!
    78 | D:11     | You fall through a shaft for 3 floors!
    82 | D:14     | Noticed a worker ant
   118 | D:14     | Killed a worker ant
   118 | D:14     | Reached skill level 4 in Fighting
   118 | D:14     | Reached XP level 2. HP: 20/26 MP: 2/2
   118 | D:14     | Reached XP level 3. HP: 24/31 MP: 3/3
   151 | D:13     | Noticed a shadow
   152 | D:13     | Noticed a troll
   162 | D:13     | You fall through a shaft for 2 floors!
   162 | D:15     | Entered Level 15 of the Dungeon
   275 | D:15     | Reached skill level 5 in Fighting
   275 | D:15     | Reached XP level 4. HP: 28/39 MP: 4/4
   304 | D:15     | Noticed a centaur warrior zombie
   310 | D:15     | Noticed an orc knight
   317 | D:15     | Slain by a centaur warrior zombie

Vault maps used:
D:1:      lemuel_arrival_room
D:2:      first_ration, brannock_xom_greatest_gift
D:3:      wad_river_or_something
D:5:      overflow_temple_1_default, minmay_temple_entry_glass
D:6:      nicolae_overflow_hidden_temple, hangedman_decor_lopped,
          kennysheep_dice
D:9:      ashenzari_altar_1, orc_0_dummy, serial_shops, shop, david_nohive_1,
          uniq_pikel
D:11:     erik_lair_dragon
D:13:     grunt_vaults_entry_tiered
D:14:     serial_shops, nicolae_shop_crystal, minivault_23, elves_outpost_lemuel
D:15:     grunt_enter_depths_snipers, dk_noncrumbling_2, uniq_rupert

Skill      XL: |  1  2  3 |
---------------+----------+-----
Fighting       | 4 5 |  5.2
Axes           | |  3.0
Armour         | |  2.1
Dodging        | |  1.7

Action                   |  1- 3 |  4- 6 || total
-------------------------+-------+-------++-------
Melee: Hand axe          |     8 |       ||     8
       Broad axe         |       |     7 ||     7
 Abil: Shaft Self        |     7 |       ||     7
Evoke: Wand              |     3 |     3 ||     6
  Use: Scroll            |     1 |       ||     1
  Eat: Chunk             |     1 |       ||     1
Armor: Animal skin       |     3 |       ||     3
       Ring mail         |       |     1 ||     1
Dodge: Dodged            |    11 |     4 ||    15

Table legend:
 A = Spawn XP
 B = Non-spawn XP
 C = Spawn XP percentage of total XP
 D = Spawn monster count
 E = Non-spawn monster count
 F = Spawn count percentage of total count
 G = Total turns spent on level
                    A         B        C        D         E        F      G
               +---------+---------+-------+---------+---------+-------+---------
         Total |       0 |      80 |   0.0 |       0 |       4 |   0.0 |   317
               +---------+---------+-------+---------+---------+-------+---------
           D:3 |       0 |       2 |   0.0 |       0 |       1 |   0.0 |    14
           D:4 |       0 |       2 |   0.0 |       0 |       1 |   0.0 |    22
          D:14 |       0 |      34 |   0.0 |       0 |       1 |   0.0 |    73
          D:15 |       0 |      42 |   0.0 |       0 |       1 |   0.0 |   155
               +---------+---------+-------+---------+---------+-------+---------

Table legend:
 A = Turns spent in this place as a percentage of turns spent in the entire game.
 B = Non-inter-level travel turns spent in this place as a percentage of non-inter-level travel turns spent in the entire game.
 C = Inter-level travel turns spent in this place as a percentage of turns spent in this place.
 D = Turns resting spent in this place as a percentage of non-inter-level travel turns spent in this place.
 E = Turns spent auto-exploring this place as a percentage of non-inter-level travel turns spent in this place.
 F = Non-inter-level travel turns spent in this place divided by the number of levels of this place that you've seen.
                   A       B       C       D       E      F
               +-------+-------+-------+-------+-------+----------------------
         Total | 100.0 | 100.0 |   0.0 |   0.0 |   0.0 |  28.8
       Dungeon | 100.0 | 100.0 |   0.0 |   0.0 |   0.0 |  28.8
               +-------+-------+-------+-------+-------+----------------------

Table legend:
 A = Kills in this place as a percentage of kills in entire the game.
 B = Kills by you in this place as a percentage of kills by you in the entire game.
 C = Kills by friends in this place as a percentage of kills by friends in the entire game.
 D = Other kills in this place as a percentage of other kills in the entire game.
 E = Experience gained in this place as a percentage of experience gained in the entire game.
 F = Experience gained in this place divided by the number of levels of this place that you have seen.
                   A       B       C       D       E      F
               +-------+-------+-------+-------+-------+----------------------
         Total | 100.0 | 100.0 |   N/A |   N/A | 100.0 |   7.3
       Dungeon | 100.0 | 100.0 |   N/A |   N/A | 100.0 |   7.3
               +-------+-------+-------+-------+-------+----------------------

Vault maps used:
D:1:      lemuel_arrival_room
D:2:      first_ration, brannock_xom_greatest_gift
D:3:      wad_river_or_something
D:5:      overflow_temple_1_default, minmay_temple_entry_glass
D:6:      nicolae_overflow_hidden_temple, hangedman_decor_lopped,
          kennysheep_dice
D:9:      ashenzari_altar_1, orc_0_dummy, serial_shops, shop, david_nohive_1,
          uniq_pikel
D:11:     erik_lair_dragon
D:13:     grunt_vaults_entry_tiered
D:14:     serial_shops, nicolae_shop_crystal, minivault_23, elves_outpost_lemuel
D:15:     grunt_enter_depths_snipers, dk_noncrumbling_2, uniq_rupert
